Map: Tropic Shores

Players

Iluvatar

  • Race: Terran Terran
  • Spawn Location: 12:00

Maelthor

  • Race: Zerg Zerg
  • Spawn Location: 0:00

athabstract

  • Race: Protoss Protoss
  • Spawn Location: 11:00

Erfeyah

  • Race: Terran Terran
  • Spawn Location: 12:00

hardliner - Winner!

  • Race: Protoss Protoss
  • Spawn Location: 6:00

markuswiena - Winner!

  • Race: Zerg Zerg
  • Spawn Location: 6:00

zNip - Winner!

  • Race: Terran Terran
  • Spawn Location: 5:00

SmK - Winner!

  • Race: Protoss Protoss
  • Spawn Location: 5:00

VOD

Have the link to the VOD?

Description

Time

  • Played on: Nov. 23, 2017, 2:17 p.m.
  • Length: 12:29
Show
View Real Time Build Order
Export as new Build Order

Iluvatar Terran 

Build Orders:  

Get SALT Encoding   

  12  0:01  SCV  
  13  0:13  SCV  
  14  0:19  Supply Depot  
  14  0:25  SCV  
  15  0:41  SCV  
  16  0:44  Barracks  
  16  0:53  SCV  
  17  1:05  SCV  
  17  1:09  Barracks  
  18  1:17  SCV  
  19  1:26  Barracks  
  19  1:29  SCV  
  20  1:36  Marine  
  21  1:46  Refinery  
  21  1:47  SCV  
  22  1:59  Marine  
  23  2:11  Supply Depot  
  23  2:25  Orbital Command  
  23  2:30  Refinery  
  23  2:32  Marine x3  
  26  2:39  Supply Depot  
  26  3:07  Marine  
  26  3:08  Marine  
  26  3:09  Marine  
  26  3:10  SCV  
  30  3:14  Supply Depot  
  30  3:22  SCV  
  30  3:23  Factory  
  30  3:35  SCV  
  30  3:38  Barracks Tech Lab, Marine  
  30  3:40  Barracks Reactor, Command Center  
  31  3:56  Marine  
  30  4:06  Marine  
  30  4:07  SCV  
  32  4:14  Marine  
  32  4:16  Factory Reactor  
  33  4:19  SCV  
  33  4:21  Marine x2  
  36  4:24  Starport, Marine  
  37  4:31  SCV, Marine  
  39  4:38  Marine  
  39  4:39  Marine  
  39  4:42  Marine  
  42  4:49  Marine  
  41  4:56  Marine x2  
  41  4:59  Marine  
  40  5:07  Marine  
  37  5:14  Marine  
  38  5:29  Marine  
  38  5:30  Marine x2  
  38  5:32  Marine  
  42  5:47  Factory Tech Lab, Marine  
  42  5:48  Marine x2  
  42  5:49  Medivac  
  47  5:54  Command Center  
  47  6:16  Supply Depot  
  47  6:25  Supply Depot  
  47  6:37  SCV, Medivac x2, Marine x3  
  55  6:47  Marine  
  55  6:49  SCV  
  57  6:55  Marine x3, Supply Depot  
  60  7:01  SCV  
  60  7:07  Medivac  
  63  7:14  SCV  
  62  7:24  Marine x3  
  62  7:25  Marine  
  66  7:33  Medivac  
  68  7:42  Marine x2  
  49  8:24  SCV x2  
  51  8:29  Marine  
  51  8:33  Stimpack  
  52  8:35  Marine x2  
  52  8:36  SCV, Medivac  
  52  8:37  Medivac  
  59  8:42  Barracks Tech Lab  
  59  8:51  SCV  
  59  8:52  SCV  
  59  8:55  Engineering Bay  
  61  9:03  SCV  
  61  9:04  SCV  
  63  9:15  SCV  
  64  9:27  Medivac x2  
  68  9:35  Missile Turret  
  68  9:38  Missile Turret  
  67  9:46  Marine x4  
  67  9:47  SCV  
  67  9:48  SCV  
  73  9:59  SCV  
  74  10:00  SCV, Supply Depot  
  74  10:01  Missile Turret  
  75  10:12  SCV x2  
  76  10:24  SCV x2  
  78  10:36  SCV x2  
  65  11:09  Marine x2  
  65  11:10  Marine x2  
  23  12:01  Supply Depot x2  
  18  12:02  Supply Depot x3  
  18  12:04  Supply Depot x2  
  18  12:08  Supply Depot  
Show
View Real Time Build Order
Export as new Build Order

Maelthor Zerg 

Build Orders: Hatch First 

Get SALT Encoding   

  12  0:01  Drone  
  13  0:15  Drone  
  13  0:17  Overlord  
  14  0:38  Drone x3  
  17  0:50  Drone  
  18  1:03  Drone  
  19  1:13  Hatchery  
  19  1:15  Spawning Pool  
  17  1:18  Drone  
  17  1:24  Drone  
  19  1:33  Drone  
  20  1:46  Drone  
  21  1:49  Extractor  
  21  1:51  Extractor  
  19  1:59  Drone  
  20  2:07  Overlord  
  20  2:08  Hatchery  
  20  2:14  Queen  
  21  2:18  Zergling x2  
  22  2:26  Queen  
  24  2:30  Zergling x4  
  26  2:38  Zergling x4  
  28  2:56  Zergling x4  
  30  3:09  Drone x2  
  32  3:17  Drone x2  
  32  3:19  Queen  
  36  3:20  Drone  
  37  3:28  Overlord  
  37  3:39  Overlord  
  37  3:50  Metabolic Boost  
  37  3:53  Drone x2  
  37  3:54  Drone  
  40  4:03  Queen  
  40  4:09  Drone x3  
  45  4:23  Zergling x6  
  45  4:24  Zergling x4  
  50  4:37  Zergling x4  
  49  4:47  Overlord x3  
  48  5:00  Drone  
  48  5:02  Overlord x2  
  49  5:17  Zergling x6  
  49  5:18  Zergling x10  
  49  5:27  Zergling x2  
  46  5:41  Zergling x2  
  46  5:42  Zergling x8  
  48  5:54  Zergling x4  
  47  5:58  Hatchery  
  43  6:04  Zergling x4  
  43  6:06  Queen  
  38  6:26  Zergling x6  
  38  6:27  Zergling x2  
  39  6:38  Zergling x4  
  40  6:50  Zergling x4  
  41  6:57  Zergling x4  
  41  6:58  Zergling x4  
  43  7:17  Zergling x4  
  43  7:18  Zergling x8  
  48  7:35  Zergling x10  
  45  7:42  Drone x2  
  45  7:43  Drone x2  
  46  7:54  Zergling x8  
  46  7:57  Zergling x2  
  46  8:10  Drone x4  
  45  8:20  Zergling x6  
  47  8:34  Drone x3, Evolution Chamber  
  49  8:58  Drone x5  
  49  8:59  Drone x3  
  57  9:04  Spore Crawler  
  57  9:06  Spore Crawler  
  55  9:11  Spore Crawler  
  55  9:12  Drone x3  
  55  9:16  Zergling x4  
  58  9:24  Zergling x2  
  58  9:25  Zergling x6  
  60  9:37  Zergling x2  
  60  9:38  Zergling x12  
  64  9:53  Drone x2  
  64  9:54  Drone x3, Overlord  
  69  10:01  Overlord  
  69  10:02  Overlord  
  69  10:08  Zergling x2  
  69  10:09  Zergling x8  
  74  10:18  Lair  
  72  10:29  Zergling x18  
  82  10:42  Zergling x2  
  82  10:43  Zergling x16  
  72  10:58  Zergling x8  
  72  10:59  Zergling x4  
  38  11:32  Zergling x2  
  29  11:33  Zergling x10  
Show
View Real Time Build Order
Export as new Build Order

athabstract Protoss 

Build Orders:  

Get SALT Encoding   

  12  0:01  Probe  
  13  0:13  Pylon  
  13  0:18  Probe (Chrono Boost)  
  15  0:30  Probe (Chrono Boost)  
  15  0:32  Probe  
  16  0:39  Gateway  
  16  0:48  Assimilator  
  16  0:49  Probe  
  17  1:01  Probe  
  18  1:13  Probe  
  19  1:25  Probe (Chrono Boost)  
  20  1:30  Zealot  
  20  1:31  Assimilator  
  22  1:37  Probe (Chrono Boost)  
  23  1:44  Pylon  
  23  1:50  Cybernetics Core  
  23  1:55  Gateway  
  23  2:14  Probe  
  24  2:28  Stalker  
  26  2:30  Pylon  
  26  2:36  Warp Gate  
  26  2:42  Stalker  
  27  3:23  Stalker x2  
  31  3:30  Robotics Facility  
  31  3:53  Nexus  
  31  3:56  Assimilator  
  31  4:06  Probe (Chrono Boost)  
  32  4:11  Stalker x2  
  37  4:18  Probe (Chrono Boost)  
  37  4:20  Probe  
  37  4:23  Pylon  
  38  4:32  Probe  
  39  4:43  Gateway  
  39  4:52  Probe (Chrono Boost)  
  40  5:04  Probe (Chrono Boost)  
  40  5:06  Probe  
  42  5:18  Probe  
  43  5:30  Probe  
  40  5:54  Stalker x2  
  44  6:10  Probe  
  45  6:15  Stalker  
  47  6:23  Probe  
  48  6:35  Probe  
  49  6:46  Stalker  
  51  6:47  Probe, Stalker x2  
  51  6:49  Immortal  
  60  7:10  Stalker  
  62  7:16  Pylon  
  62  7:18  Pylon  
  62  7:19  Pylon  
  60  7:44  Immortal  
  64  7:47  Stalker x3  
  58  8:23  Immortal  
  62  8:45  Gateway x2  
  62  8:47  Gateway  
  62  8:50  Gateway  
  62  8:51  Forge  
  62  9:02  Immortal  
  66  9:03  Probe  
  67  9:12  Pylon, Stalker x3  
  67  9:14  Pylon  
  67  9:15  Probe  
  74  9:27  Probe  
  75  9:39  Probe  
  76  9:51  Protoss Ground Weapons Level 1 (Chrono Boost)  
  76  9:55  Twilight Council  
  76  9:59  Stalker x3  
  82  10:02  Stalker x2  
  82  10:03  Stalker x2  
  90  10:13  Probe x2  
  92  10:19  Assimilator  
  92  10:25  Probe x2  
  92  10:26  Stalker x2  
  92  10:27  Stalker x2  
  102  11:07  Pylon  
  102  11:09  Pylon  
  102  11:11  Pylon  
  57  11:48  Stalker  
  57  11:49  Stalker x2  
  57  11:50  Stalker  
  57  11:51  Stalker x2  
  57  11:53  Stalker  
Show
View Real Time Build Order
Export as new Build Order

Erfeyah Terran 

Build Orders:  

Get SALT Encoding   

  12  0:05  SCV  
  13  0:47  Supply Depot  
  13  1:42  Barracks  
  13  1:54  Refinery  
  13  1:55  SCV  
  14  2:07  SCV  
  15  2:22  SCV  
  16  2:55  Marine  
  17  3:02  Barracks  
  17  3:13  Marine  
  18  3:51  Barracks  
  5  4:42  SCV  
  6  4:53  Marine x3  
  6  4:54  SCV  
  10  5:06  SCV  
  11  5:11  Marine x3  
  14  5:18  SCV  
  15  5:29  Marine x3  
  15  5:31  SCV  
  19  5:43  SCV  
  20  6:05  SCV  
  21  6:17  SCV  
  22  6:29  SCV  
  23  6:57  Marine  
  23  6:59  Marine  
  23  7:00  Marine  
  17  7:15  Marine  
  17  7:17  Marine  
  17  7:18  Marine  
  20  7:25  SCV  
  21  7:33  Marine  
  21  7:35  Marine  
  23  7:45  SCV, Marine  
  23  7:50  Supply Depot  
  23  7:51  Marine  
  18  7:52  Marine  
  18  7:57  SCV  
  19  8:03  Marine  
  20  8:09  SCV, Marine  
  20  8:10  Marine  
  23  8:13  Supply Depot  
  23  8:21  SCV, Marine  
  25  8:27  Reaper  
  25  8:28  Reaper  
  27  8:35  Supply Depot  
  27  8:39  Reaper  
  28  8:45  Factory  
  28  8:57  Supply Depot  
  28  8:59  Reaper  
  28  9:00  Reaper  
  30  9:06  SCV  
  31  9:11  Reaper  
  32  9:18  SCV  
  33  9:30  SCV  
  35  9:31  Reaper  
  35  9:32  Marine  
  36  9:42  SCV  
  36  9:43  Marine  
  38  9:50  Marine  
  39  9:54  SCV  
  40  10:02  Factory Tech Lab  
  40  10:06  SCV  
  41  10:18  SCV  
  41  10:21  Starport  
Show
View Real Time Build Order
Export as new Build Order

hardliner Protoss - Winner!

Build Orders: Phoenix Opening 

Get SALT Encoding   

  12  0:01  Probe  
  13  0:15  Pylon  
  13  0:18  Probe (Chrono Boost)  
  14  0:30  Probe (Chrono Boost)  
  16  0:36  Probe (Chrono Boost)  
  16  0:38  Gateway  
  16  0:44  Probe  
  17  0:56  Probe  
  18  1:00  Assimilator  
  18  1:04  Pylon  
  18  1:08  Probe  
  19  1:18  Assimilator  
  19  1:21  Probe (Chrono Boost)  
  20  1:31  Cybernetics Core  
  21  1:33  Probe (Chrono Boost)  
  21  1:37  Probe (Chrono Boost)  
  22  1:44  Gateway  
  22  1:47  Probe  
  23  2:14  Nexus  
  23  2:17  Stargate  
  23  2:19  Probe  
  24  2:32  Probe (Chrono Boost)  
  25  2:42  Stargate  
  25  2:44  Pylon  
  26  2:45  Probe (Chrono Boost)  
  26  2:47  Probe (Chrono Boost)  
  27  2:59  Probe  
  28  3:11  Probe  
  29  3:17  Fleet Beacon  
  29  3:23  Probe (Chrono Boost)  
  31  3:34  Phoenix (Chrono Boost)  
  31  3:35  Probe (Chrono Boost)  
  31  3:37  Probe  
  31  3:40  Probe  
  37  3:49  Probe  
  37  3:53  Probe  
  39  3:57  Phoenix (Chrono Boost)  
  39  4:01  Probe, Assimilator  
  40  4:05  Probe  
  40  4:06  Assimilator  
  41  4:15  Probe (Chrono Boost), Phoenix (Chrono Boost)  
  44  4:17  Probe (Chrono Boost)  
  45  4:29  Probe (Chrono Boost)  
  49  4:34  Probe x2 (Chrono Boost)  
  49  4:38  Probe, Phoenix (Chrono Boost)  
  51  4:40  Phoenix (Chrono Boost)  
  51  4:43  Probe  
  54  5:50  Pylon  
  54  5:53  Pylon  
  54  5:57  Nexus  
  54  5:58  Pylon  
  54  5:59  Pylon  
  54  6:02  Pylon  
  54  6:03  Pylon  
  54  6:05  Stargate  
  54  6:07  Cybernetics Core  
  54  6:08  Probe (Chrono Boost), Carrier  
  54  6:10  Probe (Chrono Boost)  
  62  6:11  Pylon, Phoenix  
  66  6:18  Probe x2 (Chrono Boost)  
  66  6:22  Anion Pulse-Crystals  
  66  6:23  Probe x2  
  68  6:35  Probe (Chrono Boost)  
  68  6:36  Carrier  
  76  6:42  Stargate  
  76  6:45  Probe x2 (Chrono Boost)  
  76  6:46  Stargate  
  77  6:47  Probe  
  77  6:48  Pylon  
  77  6:52  Probe  
  79  6:59  Probe  
  80  7:04  Probe  
  81  7:11  Probe  
  82  7:16  Probe  
  82  7:19  Carrier  
  89  7:23  Probe x2  
  89  7:26  Graviton Catapult  
  89  7:28  Probe, Assimilator  
  92  7:32  Assimilator  
  92  7:34  Carrier  
  92  7:35  Probe  
  92  7:36  Pylon  
  99  7:45  Probe (Chrono Boost)  
  99  7:47  Probe (Chrono Boost)  
  101  7:56  Carrier  
  101  7:57  Probe (Chrono Boost)  
  110  7:59  Probe (Chrono Boost)  
  110  8:01  Probe (Chrono Boost)  
  110  8:03  Nexus  
  110  8:06  Carrier  
  110  8:12  Carrier  
  122  8:28  Probe x2  
  122  8:29  Probe  
  125  8:35  Carrier  
  125  8:40  Probe  
  125  8:41  Probe x2  
  128  8:44  Protoss Air Weapons Level 1 (Chrono Boost)  
  134  8:52  Probe  
  134  8:53  Probe x2, Protoss Air Armor Level 1 (Chrono Boost)  
  137  9:02  Assimilator  
  137  9:05  Assimilator, Carrier  
  137  9:07  Pylon  
  137  9:10  Pylon  
  137  9:15  Pylon  
  143  9:17  Pylon  
  143  9:19  Pylon  
  143  9:21  Probe (Chrono Boost)  
  147  9:26  Pylon  
  147  9:28  Pylon  
  147  9:29  Carrier  
  153  9:31  Probe x2 (Chrono Boost)  
  153  9:32  Probe (Chrono Boost)  
  153  9:33  Probe  
  153  9:37  Pylon  
  154  9:44  Carrier  
  160  9:51  Carrier  
  166  10:02  Nexus  
  166  10:04  Probe x4  
  170  10:10  Carrier  
  176  10:16  Probe x2  
  176  10:20  Forge  
  178  10:30  Probe  
  178  10:31  Probe x2, Carrier  
  178  10:32  Probe  
  188  10:43  Probe x3  
  188  10:44  Probe  
  192  10:55  Probe x3  
  192  10:56  Probe  
  196  11:20  Assimilator  
  196  11:23  Assimilator  
  196  11:27  Pylon  
  196  11:29  Pylon  
  184  11:39  Photon Cannon  
  184  11:41  Photon Cannon  
  184  11:43  Photon Cannon  
  184  11:45  Photon Cannon  
  184  11:46  Photon Cannon x2  
  184  11:48  Pylon  
  184  11:52  Pylon  
  184  11:54  Pylon  
  184  11:55  Stargate  
  184  11:57  Stargate  
  184  11:59  Stargate  
  184  12:02  Stargate  
  184  12:04  Stargate  
Show
View Real Time Build Order
Export as new Build Order

markuswiena Zerg - Winner!

Build Orders: Pool First 

Get SALT Encoding   

  12  0:01  Drone  
  13  0:13  Overlord  
  13  0:18  Drone  
  14  0:32  Drone x2  
  17  0:35  Drone  
  17  0:44  Extractor  
  17  0:46  Drone  
  17  0:53  Spawning Pool  
  17  0:57  Drone  
  17  1:08  Drone  
  18  1:18  Drone  
  19  1:29  Drone  
  21  1:40  Drone  
  21  1:49  Roach Warren  
  21  1:50  Overlord  
  20  2:02  Drone  
  20  2:07  Extractor  
  20  2:12  Drone  
  20  2:14  Queen  
  23  2:29  Drone  
  24  2:35  Drone  
  25  2:40  Spore Crawler  
  25  2:41  Spore Crawler  
  24  2:44  Drone  
  24  2:47  Hatchery  
  23  2:58  Lair  
  23  3:06  Drone x2  
  23  3:07  Evolution Chamber  
  24  3:16  Drone  
  25  3:28  Roach x2  
  25  3:30  Overlord x2  
  29  3:46  Drone  
  30  3:57  Drone x3  
  30  3:58  Drone  
  30  4:00  Drone  
  35  4:04  Roach  
  35  4:07  Overseer  
  35  4:08  Overseer  
  37  4:22  Spire  
  37  4:23  Drone  
  37  4:27  Drone x4  
  42  4:31  Drone x2  
  42  4:38  Drone  
  44  4:50  Spine Crawler  
  44  4:51  Roach x2  
  44  4:52  Spine Crawler  
  46  4:55  Zerg Missile Weapons Level 1  
  46  5:00  Drone  
  46  5:01  Drone  
  48  5:13  Drone, Spine Crawler  
  48  5:19  Roach x2  
  48  5:21  Overlord  
  52  5:29  Overlord x2  
  52  5:38  Queen  
  54  5:56  Spore Crawler  
  53  5:59  Drone x3  
  53  6:00  Spore Crawler  
  53  6:01  Spore Crawler  
  53  6:02  Roach x2  
  53  6:03  Roach x2  
  62  6:10  Overlord x2  
  62  6:22  Drone x2  
  64  6:25  Extractor  
  64  6:27  Extractor  
  64  6:28  Hatchery  
  64  6:31  Mutalisk  
  64  6:32  Mutalisk x2  
  67  6:39  Drone  
  68  6:45  Zerg Flyer Weapons Level 1  
  68  6:49  Zerg Ground Armor Level 1  
  68  6:54  Mutalisk x2  
  68  6:55  Mutalisk  
  75  7:15  Drone x2  
  75  7:16  Drone  
  77  7:25  Drone x3  
  77  7:29  Drone x3  
  84  7:30  Drone x3  
  86  7:40  Drone  
  86  7:43  Mutalisk x3  
  89  7:50  Overlord x2  
  93  7:56  Drone x2  
  93  7:57  Drone x2  
  97  8:01  Drone  
  98  8:14  Mutalisk x4  
  98  8:19  Drone x2  
  108  8:26  Spine Crawler  
  107  8:27  Spine Crawler  
  107  8:28  Spine Crawler  
  107  8:29  Spine Crawler  
  107  8:32  Drone x3  
  107  8:38  Extractor  
  107  8:40  Extractor  
  105  8:44  Zerg Flyer Weapons Level 2  
  105  8:47  Zerg Missile Weapons Level 2  
  105  9:01  Drone x2  
  107  9:05  Mutalisk x2  
  111  9:16  Mutalisk  
  113  9:19  Overlord x2  
  113  9:20  Overlord x3  
  113  9:25  Drone  
  114  9:48  Mutalisk x6  
  114  9:52  Mutalisk  
  128  10:00  Drone x3  
  129  11:01  Mutalisk  
  129  11:02  Mutalisk x4  
  139  11:04  Mutalisk x4  
  139  11:05  Mutalisk x3  
  153  11:16  Drone  
  154  11:19  Overlord x2  
Show
View Real Time Build Order
Export as new Build Order

zNip Terran - Winner!

Build Orders:  

Get SALT Encoding   

  12  0:01  SCV  
  13  0:13  SCV  
  14  0:19  Supply Depot  
  14  0:25  SCV  
  15  0:31  Refinery  
  15  0:41  SCV  
  16  0:49  Barracks  
  16  0:53  SCV  
  17  1:06  SCV  
  18  1:17  Barracks  
  18  1:18  SCV  
  19  1:24  Supply Depot  
  19  1:37  Reaper  
  20  1:40  Orbital Command  
  20  1:58  Barracks  
  20  2:08  SCV  
  21  2:09  Reaper x2  
  23  2:20  SCV  
  23  2:22  Refinery  
  24  2:29  Supply Depot  
  24  2:32  SCV  
  24  2:35  Barracks  
  25  2:41  Reaper x2  
  27  2:58  Reaper  
  27  3:18  Reaper x2  
  29  3:22  SCV  
  30  3:30  Barracks  
  30  3:37  Command Center  
  30  3:39  SCV  
  31  3:50  Factory, Supply Depot  
  31  3:51  SCV  
  32  4:05  Reaper x2  
  34  4:19  Reaper  
  35  4:24  Reaper  
  35  4:26  SCV  
  37  4:38  SCV  
  38  4:39  Reaper x2  
  41  5:00  Reaper x2  
  41  5:17  Marine x2  
  41  5:20  Factory Tech Lab  
  35  5:24  Orbital Command  
  35  5:26  SCV  
  36  5:31  Marine  
  36  5:32  Marine  
  36  5:35  Marine x2  
  39  5:38  SCV  
  39  5:48  Barracks Tech Lab  
  39  5:49  Marine x2  
  40  5:51  Siege Tank  
  40  5:53  Marine x2  
  46  6:06  Marine  
  46  6:07  Marine x2  
  46  6:10  Marine  
  46  6:11  Marine  
  50  6:23  Marine, Siege Tank  
  55  6:30  Combat Shields  
  55  6:31  Barracks Tech Lab  
  53  6:34  Barracks Reactor x2  
  53  6:37  SCV x2  
  53  6:40  Refinery x2  
  53  6:41  Marine  
  54  6:47  Supply Depot  
  54  6:49  SCV, Supply Depot  
  54  6:51  SCV  
  56  6:55  Barracks Reactor  
  57  7:01  SCV  
  57  7:05  SCV  
  58  7:13  SCV  
  59  7:17  SCV  
  59  7:21  Marine x2  
  59  7:22  Marine x4  
  66  7:24  Siege Tank  
  66  7:25  SCV  
  66  7:29  Command Center  
  71  7:30  SCV  
  71  7:32  Factory  
  71  7:39  Marine x3  
  73  7:50  Marine x5  
  71  7:56  Siege Tank  
  71  7:57  Marine x3  
  74  8:08  Marine  
  63  8:20  Marine x3  
  63  8:21  Marine x4  
  63  8:23  Stimpack  
  63  8:24  Factory Tech Lab  
  63  8:25  SCV x2, Marine  
  73  8:28  Siege Tank  
  76  8:34  Starport  
  76  8:37  SCV x2  
  76  8:40  Marine  
  79  8:47  Supply Depot  
  79  8:49  SCV x2, Supply Depot, Orbital Command  
  79  8:50  Supply Depot  
  81  9:01  SCV x2  
  81  9:02  Marine x2  
  83  9:03  Marine x3  
  83  9:04  Marine  
  89  9:11  Siege Tank  
  89  9:13  SCV x2  
  94  9:17  SCV  
  94  9:22  Refinery  
  95  9:25  SCV x2  
  95  9:29  SCV  
  95  9:30  Marine x2  
  103  9:31  Siege Tank  
  103  9:37  SCV x2  
  105  9:41  SCV  
  105  9:43  Starport Reactor  
  106  9:53  Marine x8  
  106  9:56  Siege Tank  
  117  10:05  Refinery  
  117  10:11  Supply Depot  
  117  10:13  Supply Depot  
  117  10:15  Supply Depot  
  117  10:17  Supply Depot  
  117  10:32  SCV, Medivac, Marine x2, Siege Tank  
  117  10:35  SCV x2, Medivac, Marine, Siege Tank  
  133  10:44  SCV  
  133  10:47  SCV x2  
  136  10:51  Marine  
  136  10:52  Marine x4  
  138  10:59  SCV x2  
  138  11:02  Medivac  
  139  11:04  Siege Tank  
  139  11:05  Medivac  
  139  11:07  Siege Tank  
  139  11:11  Marine x2  
  149  11:36  Supply Depot  
  149  11:38  Supply Depot  
  149  11:41  Marine x2  
  149  11:58  Medivac, Marine x6  
  149  12:00  Marine x2  
  164  12:10  Supply Depot  
  164  12:11  Supply Depot  
  164  12:15  Supply Depot  
  163  12:17  Supply Depot  
Show
View Real Time Build Order
Export as new Build Order

SmK Protoss - Winner!

Build Orders:  

Get SALT Encoding   

  12  0:01  Probe  
  13  0:14  Probe  
  14  0:23  Pylon  
  14  0:26  Probe  
  15  0:41  Probe (Chrono Boost)  
  16  0:44  Gateway  
  17  0:51  Probe (Chrono Boost)  
  17  0:52  Assimilator  
  17  0:55  Probe  
  18  1:07  Probe  
  19  1:16  Assimilator  
  19  1:18  Pylon  
  19  1:19  Probe  
  20  1:31  Probe  
  21  1:33  Cybernetics Core  
  21  1:45  Probe  
  22  1:52  Gateway  
  22  1:57  Probe  
  23  2:10  Warp Gate (Chrono Boost)  
  23  2:15  Gateway  
  23  2:16  Gateway  
  23  2:19  Probe  
  24  2:31  Probe  
  25  2:41  Pylon  
  25  2:44  Stalker  
  27  2:46  Stalker  
  29  2:54  Probe  
  30  3:06  Probe  
  31  3:25  Nexus  
  31  3:50  Stalker x3  
  31  3:51  Stalker  
  39  4:13  Pylon  
  39  4:29  Twilight Council  
  39  4:31  Probe  
  40  4:32  Stalker x2  
  40  4:37  Pylon  
  44  4:43  Probe  
  45  4:46  Probe  
  46  4:55  Probe  
  46  4:57  Stalker  
  46  4:58  Probe  
  50  5:05  Stalker  
  52  5:07  Probe  
  52  5:10  Probe  
  54  5:29  Stalker x3  
  50  5:52  Zealot x2  
  50  5:53  Zealot  
  50  5:56  Zealot  
  56  6:14  Stalker x2  
  60  6:24  Stalker x2  
  56  6:41  Blink (Chrono Boost)  
  56  6:42  Stalker x2  
  60  6:49  Assimilator  
  60  6:50  Assimilator  
  56  6:59  Stalker x2  
  58  7:09  Probe x2  
  58  7:10  Gateway  
  58  7:11  Gateway  
  58  7:14  Pylon  
  60  7:17  Stalker  
  60  7:18  Stalker  
  60  7:21  Probe x2  
  66  7:33  Probe x2  
  66  7:37  Pylon  
  66  7:45  Probe  
  66  7:46  Probe  
  66  7:57  Probe  
  66  7:58  Probe, Stalker x4  
  66  8:18  Stalker x2  
  68  8:30  Stalker x4  
  68  8:33  Nexus  
  68  8:34  Probe x2  
  78  8:45  Templar Archives  
  78  8:49  Pylon  
  78  8:58  Charge  
  78  9:00  Pylon  
  78  9:06  Forge  
  78  9:09  Forge  
  78  9:16  Gateway, Stalker x2  
  82  9:18  Gateway  
  82  9:36  Psionic Storm  
  80  9:43  Stalker x5  
  80  9:44  Protoss Ground Weapons Level 1 (Chrono Boost)  
  90  9:55  Protoss Ground Armor Level 1 (Chrono Boost)  
  90  10:01  High Templar  
  90  10:07  High Templar  
  94  10:19  Stalker x2  
  98  10:22  High Templar  
  100  10:33  Probe x3  
  103  10:45  Probe  
  103  10:46  Probe x2  
  103  10:48  Assimilator  
  106  10:50  Assimilator  
  106  10:57  Probe, Pylon  
  106  10:58  Probe x2  
  106  11:01  Pylon  
  109  11:15  Probe x2  
  109  11:32  High Templar x2, Stalker x2  
  115  11:33  Stalker x4  
  123  12:04  Stalker  
  125  12:13  Pylon  
  125  12:16  Pylon  
  125  12:18  Pylon  
  125  12:24  Gateway  
  125  12:28  Gateway  
Tags
 
Add a new tag
Caveats
  • Supply blocks, unpowered buildings, or Contaminate may cause inaccurate times.
  • Supply counts are checked every 10 seconds.